SAAA
PHOENIX HOTSPUR RESERVES @ TREMONT DOUBLEDAYS
07/28/2025
 
TOP OF THE 1ST
Phoenix Hotspur Reserves batting - Pitching for Tremont Doubledays : RHP Jim Unknown
Pitching: RHP Jim Unknown
Batting: RHB Wilson Castillo 0-0: Ball
1-0: Foul Ball, location: 2F
1-1: Foul Ball, location: 2F
1-2: Ground out 1-3 (Groundball, 13S)
Batting: RHB Hiwahikeiki Noelani 0-0: Ball
1-0: Called Strike
1-1: Called Strike
1-2: Ball
2-2: Fly out, F8 (Flyball, 8RM)
Batting: RHB Alex Niemann 0-0: Called Strike
0-1: Ball
1-1: Fly out, F9 (Line Drive, 9D)
Top of the 1st over - 0 run(s), 0 hit(s), 0 error(s), 0 left on base; Phoenix 0 - Tremont 0
BOTTOM OF THE 1ST
Tremont Doubledays batting - Pitching for Phoenix Hotspur Reserves : RHP Prince Nakamura
Pitching: RHP Prince Nakamura
Batting: RHB José Cervantes 0-0: Ball
1-0: Foul Ball, location: 2F
1-1: Foul Ball, location: 2F
1-2: Ball
2-2: Foul Ball, location: 2F
2-2: Ball
3-2: Base on Balls
Batting: RHB Andrés Gonzáles 0-0: Ball
1-0: SINGLE (Line Drive, 78S)
José Cervantes to second
Batting: RHB Menno van de Vlugt 0-0: Called Strike
0-1: Fielders Choice at 2nd, 1-4 (Groundball, 15S)
José Cervantes to third
Batting: RHB Tim Robinson 0-0: Called Strike
0-1: Swinging Strike
0-2: Ball
1-2: Hit by Pitch
Menno van de Vlugt to second
Batting: RHB Jim Unknown 0-0: Called Strike
0-1: Ball
1-1: Foul Ball, location: 2F
1-2: Strikes out looking
Batting: RHB Jim Unknown 0-0: Ball
1-0: Foul Ball, location: 2F
1-1: Called Strike
1-2: Ball
2-2: Fly out, F6 (Popup, 6)
Bottom of the 1st over - 0 run(s), 1 hit(s), 0 error(s), 3 left on base; Phoenix 0 - Tremont 0
TOP OF THE 2ND
Phoenix Hotspur Reserves batting - Pitching for Tremont Doubledays : RHP Jim Unknown
Batting: SHB Roberto López 0-0: Called Strike
0-1: Ball
1-1: Ball
2-1: Called Strike
2-2: Foul Ball, location: 2F
2-2: Strikes out swinging
Batting: RHB Júlio Mateo 0-0: Ball
1-0: Ball
2-0: Ball
3-0: Base on Balls
Batting: SHB Jesús González 0-0: Ball
1-0: Ball
2-0: Swinging Strike
2-1: Fly out, F8 (Line Drive, 8RM)
Batting: RHB John Moore 0-0: Ball
1-0: Called Strike
1-1: SINGLE (Line Drive, 6MD)
Júlio Mateo to second
Batting: LHB Jim Unknown 0-0: Swinging Strike
0-1: Fielders Choice at 2nd, 4-6 (Groundball, 4)
Top of the 2nd over - 0 run(s), 1 hit(s), 0 error(s), 1 left on base; Phoenix 0 - Tremont 0
BOTTOM OF THE 2ND
Tremont Doubledays batting - Pitching for Phoenix Hotspur Reserves : RHP Prince Nakamura
Batting: RHB Jim Unknown 0-0: Called Strike
0-1: Called Strike
0-2: Strikes out swinging
Batting: RHB Arturo Morales 0-0: Ground out 4-3 (Groundball, 4M)
Batting: RHB Francisco García 0-0: Called Strike
0-1: SINGLE (Line Drive, 9S)
Batting: RHB José Cervantes 0-0: Ball
1-0: Fly out, F4 (Popup, 3D)
Bottom of the 2nd over - 0 run(s), 1 hit(s), 0 error(s), 1 left on base; Phoenix 0 - Tremont 0
TOP OF THE 3RD
Phoenix Hotspur Reserves batting - Pitching for Tremont Doubledays : RHP Jim Unknown
Batting: RHB Jesús Álvarez 0-0: Ball
1-0: Ball
2-0: Called Strike
2-1: Called Strike
2-2: SINGLE (Groundball, 56D)
Batting: RHB Wilson Castillo 0-0: SINGLE (Groundball, 56D)
Jesús Álvarez to second
Batting: RHB Hiwahikeiki Noelani 0-0: Ball
1-0: Ball
2-0: Called Strike
2-1: Called Strike
2-2: SINGLE (Flyball, 78S)
Jesús Álvarez to third
Wilson Castillo to second
Batting: RHB Alex Niemann 0-0: Called Strike
0-1: Ball
1-1: Foul Ball, location: 2F
1-2: Foul Ball, location: 2F
1-2: Strikes out swinging
Batting: SHB Roberto López 0-0: Ball
1-0: Ball
2-0: Swinging Strike
2-1: Ball
3-1: Foul Ball, location: 2F
3-2: Foul Ball, location: 2F
3-2: Strikes out swinging
Batting: RHB Júlio Mateo 0-0: Called Strike
0-1: Ball
1-1: Ball
2-1: Called Strike
2-2: Foul Ball, location: 2F
2-2: GRAND SLAM HOME RUN (Flyball, 7LD), Distance : 369 ft
Batting: SHB Jesús González 0-0: Called Strike
0-1: Ball
1-1: Ball
2-1: Ball
3-1: Foul Ball, location: 2F
3-2: Foul Ball, location: 2F
3-2: Base on Balls
Batting: RHB John Moore 0-0: Ball
1-0: Fly out, F5 (Line Drive, 5)
Top of the 3rd over - 4 run(s), 4 hit(s), 0 error(s), 1 left on base; Phoenix 4 - Tremont 0
BOTTOM OF THE 3RD
Tremont Doubledays batting - Pitching for Phoenix Hotspur Reserves : RHP Prince Nakamura
Batting: RHB Andrés Gonzáles 0-0: Ground out 1-3 (Groundball, 13)
Batting: RHB Menno van de Vlugt 0-0: Ball
1-0: Foul Ball, location: 2F
1-1: Fly out, F8 (Flyball, 8RD)
Batting: RHB Tim Robinson 0-0: Called Strike
0-1: Ball
1-1: Ball
2-1: Ball
3-1: Foul Ball, location: 2F
3-2: Foul Ball, location: 2F
3-2: Base on Balls
Batting: RHB Jim Unknown 0-0: Swinging Strike
0-1: Ball
1-1: Fly out, F8 (Flyball, 78D)
Bottom of the 3rd over - 0 run(s), 0 hit(s), 0 error(s), 1 left on base; Phoenix 4 - Tremont 0
TOP OF THE 4TH
Phoenix Hotspur Reserves batting - Pitching for Tremont Doubledays : RHP Jim Unknown
Batting: LHB Jim Unknown 0-0: Ball
1-0: Called Strike
1-1: Swinging Strike
1-2: Ball
2-2: DOUBLE (Line Drive, 7LM)
Batting: RHB Jesús Álvarez 0-0: Ball
1-0: Foul Ball, location: 2F
1-1: SINGLE (Groundball, 4M) (infield hit)
Jim Unknown to third
Batting: RHB Wilson Castillo 0-0: Called Strike
0-1: Ball
1-1: Grounds into double play, 5-4-3 (Groundball, 56)
Jim Unknown scores
Batting: RHB Hiwahikeiki Noelani 0-0: Ball
1-0: Ball
2-0: Ball
3-0: Called Strike
3-1: Base on Balls
Batting: RHB Alex Niemann 0-0: Called Strike
Hiwahikeiki Noelani is caught stealing 2nd base
Top of the 4th over - 1 run(s), 2 hit(s), 0 error(s), 0 left on base; Phoenix 5 - Tremont 0
BOTTOM OF THE 4TH
Tremont Doubledays batting - Pitching for Phoenix Hotspur Reserves : RHP Prince Nakamura
Batting: RHB Jim Unknown 0-0: Swinging Strike
0-1: Foul Ball, location: 2F
0-2: Ball
1-2: Strikes out swinging
Batting: RHB Jim Unknown 0-0: Foul Ball, location: 2F
0-1: Ball
1-1: Ball
2-1: Swinging Strike
2-2: Foul Ball, location: 2F
2-2: Ball
3-2: SINGLE (Line Drive, 3)
Batting: RHB Arturo Morales 0-0: Called Strike
0-1: Ball
1-1: Ball
2-1: Swinging Strike
2-2: Strikes out swinging
Batting: RHB Francisco García 0-0: Ball
1-0: Called Strike
1-1: Ball
2-1: Called Strike
2-2: Ball
3-2: Foul Ball, location: 2F
3-2: Foul Ball, location: 2F
3-2: Base on Balls
Jim Unknown to second
Batting: RHB José Cervantes 0-0: Ball
Wild Pitch!
Jim Unknown to third
Francisco García to second
1-0: Ball
2-0: Ball
3-0: Called Strike
3-1: Base on Balls
Batting: RHB Andrés Gonzáles 0-0: Ball
1-0: GRAND SLAM HOME RUN (Flyball, 7LD), Distance : 374 ft
Batting: RHB Menno van de Vlugt 0-0: Called Strike
0-1: Foul Ball, location: 2F
0-2: Ball
1-2: Ball
2-2: Ball
3-2: Base on Balls
Batting: RHB Tim Robinson 0-0: Ground out 5-3 (Groundball, 56S)
Bottom of the 4th over - 4 run(s), 2 hit(s), 0 error(s), 1 left on base; Phoenix 5 - Tremont 4
TOP OF THE 5TH
Phoenix Hotspur Reserves batting - Pitching for Tremont Doubledays : RHP Jim Unknown
Batting: RHB Alex Niemann 0-0: Ball
1-0: Ball
2-0: Ball
3-0: Called Strike
3-1: Base on Balls
Batting: SHB Roberto López 0-0: Ball
1-0: Ball
Alex Niemann steals 2nd base
2-0: SINGLE (Groundball, 6MD)
Alex Niemann to third
Batting: RHB Júlio Mateo 0-0: Ball
1-0: Foul Ball, location: 2F
1-1: Ground out 5-3 (Groundball, 56S)
Roberto López to second
Batting: SHB Jesús González 0-0: Ball
1-0: Ground out 4-3 (Groundball, 34)
Batting: RHB John Moore 0-0: Ball
1-0: Called Strike
1-1: Foul Ball, location: 2F
1-2: Ground out 4-3 (Groundball, 4)
Top of the 5th over - 0 run(s), 1 hit(s), 0 error(s), 2 left on base; Phoenix 5 - Tremont 4
BOTTOM OF THE 5TH
Tremont Doubledays batting - Pitching for Phoenix Hotspur Reserves : RHP Prince Nakamura
Batting: RHB Jim Unknown 0-0: Ball
1-0: Called Strike
1-1: Ball
2-1: Foul Ball, location: 2F
2-2: Foul Ball, location: 2F
2-2: Strikes out swinging
Batting: RHB Jim Unknown 0-0: Ball
1-0: Called Strike
1-1: Foul Ball, location: 2F
1-2: Strikes out swinging
Batting: RHB Jim Unknown 0-0: Called Strike
0-1: Ball
1-1: Foul Ball, location: 2F
1-2: Strikes out looking
Bottom of the 5th over - 0 run(s), 0 hit(s), 0 error(s), 0 left on base; Phoenix 5 - Tremont 4
TOP OF THE 6TH
Phoenix Hotspur Reserves batting - Pitching for Tremont Doubledays : RHP Jim Unknown
Batting: LHB Jim Unknown 0-0: Called Strike
0-1: Swinging Strike
0-2: Foul Ball, location: 2F
0-2: Ball
1-2: Fly out, F8 (Flyball, 78M)
Batting: RHB Jesús Álvarez 0-0: Ball
1-0: SINGLE (Flyball, 9LM)
Batting: RHB Wilson Castillo 0-0: Ball
Wild Pitch!
Jesús Álvarez to second
1-0: Ground out 3-1 (Groundball, 34)
Jesús Álvarez to third
Batting: RHB Hiwahikeiki Noelani 0-0: Called Strike
0-1: Ball
1-1: Foul Ball, location: 2F
1-2: Ball
2-2: DOUBLE (Line Drive, 89M)
Jesús Álvarez scores
Pitching: RHP Jim Unknown
Batting: RHB Alex Niemann 0-0: Called Strike
0-1: Fly out, F9 (Flyball, 9LM)
Top of the 6th over - 1 run(s), 2 hit(s), 0 error(s), 1 left on base; Phoenix 6 - Tremont 4
BOTTOM OF THE 6TH
Tremont Doubledays batting - Pitching for Phoenix Hotspur Reserves : RHP Prince Nakamura
Batting: RHB Arturo Morales 0-0: Fly out, F8 (Flyball, 89M)
Batting: RHB Francisco García 0-0: Called Strike
0-1: Ball
1-1: Ball
2-1: Ball
3-1: Swinging Strike
3-2: Base on Balls
Pitching: LHP Jeff Burrell
Batting: RHB José Cervantes 0-0: Ball
1-0: Ball
2-0: Fly out, F5 (Popup, 5S)
Batting: RHB Andrés Gonzáles 0-0: Fly out, F5 (Line Drive, 5S)
Bottom of the 6th over - 0 run(s), 0 hit(s), 0 error(s), 1 left on base; Phoenix 6 - Tremont 4
TOP OF THE 7TH
Phoenix Hotspur Reserves batting - Pitching for Tremont Doubledays : RHP Jim Unknown
Batting: SHB Roberto López 0-0: Called Strike
0-1: Ball
1-1: Foul Ball, location: 2F
1-2: Ball
2-2: Ball
3-2: Base on Balls
Batting: RHB Júlio Mateo 0-0: Ball
1-0: Called Strike
1-1: Ball
2-1: Foul Ball, location: 2F
2-2: Strikes out swinging
Batting: SHB Jesús González 0-0: Called Strike
0-1: Swinging Strike
0-2: Ball
1-2: Foul Ball, location: 2F
1-2: Strikes out swinging
Roberto López is caught stealing 2nd base
Batter strikes out.
Top of the 7th over - 0 run(s), 0 hit(s), 0 error(s), 0 left on base; Phoenix 6 - Tremont 4
BOTTOM OF THE 7TH
Tremont Doubledays batting - Pitching for Phoenix Hotspur Reserves : LHP Jeff Burrell
Batting: RHB Menno van de Vlugt 0-0: Ball
1-0: Called Strike
1-1: Called Strike
1-2: SINGLE (Groundball, 56D)
Batting: RHB Tim Robinson 0-0: DOUBLE (Line Drive, 89D)
Menno van de Vlugt to third
Batting: RHB Jim Unknown 0-0: Fly out, F8 (Flyball, 8RM)
Batting: RHB Jim Unknown 0-0: Ball
1-0: Swinging Strike
1-1: Swinging Strike
1-2: Ball
2-2: Ball
3-2: Base on Balls
Pinch Hitting: RHB Arturo Morales 0-0: Ball
1-0: Ball
2-0: Called Strike
2-1: Swinging Strike
2-2: Foul Ball, location: 2F
2-2: Foul Ball, location: 2F
2-2: Strikes out swinging
Batting: RHB Arturo Morales 0-0: Ball
1-0: Ball
2-0: Swinging Strike
2-1: Called Strike
2-2: Fielders Choice at 2nd, 6-4 (Groundball, 6)
Bottom of the 7th over - 0 run(s), 2 hit(s), 0 error(s), 2 left on base; Phoenix 6 - Tremont 4
TOP OF THE 8TH
Phoenix Hotspur Reserves batting - Pitching for Tremont Doubledays : RHP Jim Unknown
Now at 3B: Arturo Morales
Batting: RHB John Moore 0-0: Ball
1-0: Swinging Strike
1-1: Ground out 6-3 (Groundball, 56)
Batting: LHB Jim Unknown 0-0: Ball
1-0: Fly out, F7 (Line Drive, 7S)
Batting: RHB Jesús Álvarez 0-0: Fly out, F6 (Popup, 6D)
Top of the 8th over - 0 run(s), 0 hit(s), 0 error(s), 0 left on base; Phoenix 6 - Tremont 4
BOTTOM OF THE 8TH
Tremont Doubledays batting - Pitching for Phoenix Hotspur Reserves : LHP Jeff Burrell
Batting: RHB Francisco García 0-0: Foul Ball, location: 2F
0-1: Fly out, F2 (Popup, 23)
Batting: RHB José Cervantes 0-0: Ball
1-0: Foul Ball, location: 2F
1-1: Called Strike
1-2: Ball
2-2: Ball
3-2: Base on Balls
Pitching: RHP Rewa Malaki
Batting: RHB Andrés Gonzáles 0-0: Foul Ball, location: 2F
0-1: Ball
1-1: Foul Ball, location: 2F
1-2: Ball
2-2: Strikes out looking
Batting: RHB Menno van de Vlugt 0-0: Ball
1-0: Fly out, F7 (Flyball, 7S)
Bottom of the 8th over - 0 run(s), 0 hit(s), 0 error(s), 1 left on base; Phoenix 6 - Tremont 4
TOP OF THE 9TH
Phoenix Hotspur Reserves batting - Pitching for Tremont Doubledays : RHP Jim Unknown
Pitching: RHP Jim Unknown
Batting: RHB Wilson Castillo 0-0: Ball
1-0: Foul Ball, location: 2F
1-1: Ball
2-1: Foul Ball, location: 2F
2-2: Strikes out swinging
Batting: RHB Hiwahikeiki Noelani 0-0: Ball
1-0: Ball
2-0: Called Strike
2-1: Fly out, F6 (Popup, 6MD)
Batting: RHB Alex Niemann 0-0: Ball
1-0: Called Strike
1-1: Swinging Strike
1-2: Foul Ball, location: 2F
1-2: Ball
2-2: Strikes out swinging
Top of the 9th over - 0 run(s), 0 hit(s), 0 error(s), 0 left on base; Phoenix 6 - Tremont 4
BOTTOM OF THE 9TH
Tremont Doubledays batting - Pitching for Phoenix Hotspur Reserves : RHP Rewa Malaki
Pitching: RHP Adam Garrison
Batting: RHB Tim Robinson 0-0: Fly out, F9 (Line Drive, 9S)
Batting: RHB Jim Unknown 0-0: Foul Ball, location: 2F
0-1: SINGLE (Groundball, 34S) (infield hit)
Pinch Hitting: LHB Jim Unknown 0-0: Ball
1-0: Foul Ball, location: 2F
1-1: Foul Ball, location: 2F
1-2: Strikes out swinging
Pinch Hitting: LHB Jim Unknown 0-0: SINGLE (Flyball, 89M)
Jim Unknown to second
Runner from 2nd tries for 3rd, SAFE, throw made to third
Batting: RHB Arturo Morales 0-0: Single, Error in OF, E7, batter to second base
Jim Unknown scores
Jim Unknown to third
Batting: RHB Francisco García 0-0: Ball
1-0: Foul Ball, location: 2F
1-1: Foul Ball, location: 2F
1-2: Ground out 1-3 (Groundball, P)
Bottom of the 9th over - 1 run(s), 3 hit(s), 1 error(s), 2 left on base; Phoenix 6 - Tremont 5
Friday, December 30th, 2016 - OOTP Baseball 17.12 Build 75